[ AOE2 MATCH · #476375064 ]
UnrankedGoths vs Wu
[ REPLAY ANALYSIS · EXTRACTED FROM THE RECORDED GAME ]
Feudal
11:46
Castle
15:47
Imperial
31:24
| APM avg | 38.8 |
| APM peak | 75 |
| eAPM avg | 28.0 |
| Villagers / military | 161 / 213 |
Focus
⚔️ 31.3% · 🌾 68.7%
Spearman ×128 · Huskarl ×79 · Trebuchet (Packed) ×6
Feudal
10:52
Castle
20:28
Imperial
40:34
| APM avg | 33.1 |
| APM peak | 68 |
| eAPM avg | 13.5 |
| Villagers / military | 156 / 131 |
Focus
⚔️ 42.3% · 🌾 57.7%
Spearman ×117 · Unknown (1944) ×100 · Scout Cavalry ×14 · Unknown (1942) ×2
Feudal
10:07
Castle
14:33
Imperial
27:02
| APM avg | 19.2 |
| APM peak | 51 |
| eAPM avg | 11.3 |
| Villagers / military | 63 / 97 |
Focus
⚔️ 41.3% · 🌾 58.7%
Genoese Crossbowman ×84 · Unknown (882) ×28 · Bombard Cannon ×8 · Monk ×3 · Trebuchet (Packed) ×2
Feudal
11:37
Castle
18:50
Imperial
36:41
| APM avg | 20.7 |
| APM peak | 52 |
| eAPM avg | 15.3 |
| Villagers / military | 183 / 86 |
Focus
⚔️ 27.1% · 🌾 72.9%
Battle Elephant ×52 · Ratha (Ranged) ×30 · Mangonel ×4
Feudal
11:00
Castle
16:12
Imperial
33:53
| APM avg | 28.1 |
| APM peak | 102 |
| eAPM avg | 11.9 |
| Villagers / military | 112 / 81 |
Focus
⚔️ 30.3% · 🌾 69.7%
Mangudai ×76 · Monk ×2 · Mangonel ×1 · Battering Ram ×1 · Trebuchet (Packed) ×1
Feudal
9:56
Castle
18:59
Imperial
36:29
| APM avg | 28.2 |
| APM peak | 73 |
| eAPM avg | 18.1 |
| Villagers / military | 166 / 323 |
Focus
⚔️ 27.2% · 🌾 72.8%
Scout Cavalry ×182 · Knight ×133 · Trebuchet (Packed) ×4 · Monk ×2 · Spearman ×2
Feudal
9:04
Castle
22:49
Imperial
40:55
| APM avg | 42.1 |
| APM peak | 83 |
| eAPM avg | 23.9 |
| Villagers / military | 154 / 210 |
Focus
⚔️ 37.0% · 🌾 63.0%
Spearman ×135 · Archer ×38 · Longbowman ×25 · Scout Cavalry ×6 · Monk ×5 · Battering Ram ×1
Feudal
10:35
Castle
17:45
Imperial
40:11
| APM avg | 34.5 |
| APM peak | 99 |
| eAPM avg | 19.6 |
| Villagers / military | 124 / 69 |
Focus
⚔️ 26.6% · 🌾 73.4%
Conquistador ×62 · Mangonel ×3 · Spearman ×3 · Missionary ×1
Match map
Initial resources + every placement click. Lines = walls · curves = elevation contours. ◆ gold · ⬟ stone · ● berries · ✦ relic · ◌ wall gap
Your base· ✓ Closed at 15:47 · 0t walls · 2 gate(s)
Wajardo's base· ✓ Closed at 20:28 · 0t walls · 2 gate(s)
Hanyo's base· ✓ Closed at 14:33 · 0t walls · 2 gate(s)
Lord Petrosky's base· ✓ Closed at 18:50 · 0t walls · 2 gate(s)
Fuzion's base· ✓ Closed at 16:12 · 0t walls · 2 gate(s)
TigerBitePig's base· ✓ Closed at 18:59 · 0t walls · 3 gate(s)
Man_at_Laptop's base· ✓ Closed at 22:49 · 16t walls · 4 gate(s)
Blas de lezo's base· ✓ Closed at 17:45 · 18t walls · 4 gate(s)
Smoothed initial terrain · ◌ = detected wall gap · hover for details
Inputs per minute
— Estoy como loquita - - Wajardo
Build order — Estoy como loquita
First 150 of 550 actions detected
| 0:02 | Create | Villager (Male) |
| 0:02 | Create | Villager (Male) |
| 0:02 | Create | Villager (Male) |
| 0:03 | Build | House |
| 0:05 | Build | House |
| 0:09 | Create | Villager (Male) |
| 0:09 | Create | Villager (Male) |
| 1:31 | Create | Villager (Male) |
| 1:31 | Create | Villager (Male) |
| 1:50 | Build | Lumber Camp |
| 1:51 | Create | Villager (Male) |
| 1:51 | Create | Villager (Male) |
| 2:25 | Create | Villager (Male) |
| 2:26 | Create | Villager (Male) |
| 2:26 | Create | Villager (Male) |
| 3:05 | Create | Villager (Male) |
| 3:05 | Create | Villager (Male) |
| 3:52 | Create | Villager (Male) |
| 3:52 | Create | Villager (Male) |
| 3:52 | Create | Villager (Male) |
| 4:17 | Build | House |
| 4:20 | Create | Villager (Male) |
| 4:20 | Create | Villager (Male) |
| 4:20 | Create | Villager (Male) |
| 4:51 | Create | Villager (Male) |
| 4:51 | Create | Villager (Male) |
| 5:17 | Build | Mill |
| 5:26 | Create | Villager (Male) |
| 5:27 | Create | Villager (Male) |
| 5:27 | Create | Villager (Male) |
| 5:27 | Create | Villager (Male) |
| 5:27 | Create | Villager (Male) |
| 5:56 | Create | Villager (Male) |
| 5:56 | Create | Villager (Male) |
| 5:56 | Create | Villager (Male) |
| 6:04 | Create | Villager (Male) |
| 6:04 | Create | Villager (Male) |
| 6:05 | Create | Villager (Male) |
| 6:05 | Create | Villager (Male) |
| 6:12 | Build | House |
| 6:53 | Create | Villager (Male) |
| 7:01 | Create | Villager (Male) |
| 7:16 | Build | Mill |
| 7:37 | Create | Villager (Male) |
| 8:12 | Create | Villager (Male) |
| 9:02 | Create | Villager (Male) |
| 9:16 | Research | Feudal Age |
| 9:16 | Research | Feudal Age |
| 9:21 | Build | Mining Camp |
| 10:39 | Build | House |
| 11:21 | Build | Farm |
| 11:23 | Build | Farm |
| 11:25 | Build | Farm |
| 11:27 | Build | Farm |
| 11:46 | Age | Feudal Age |
| 11:50 | Create | Villager (Male) |
| 11:54 | Build | Blacksmith |
| 11:57 | Build | Market |
| 12:08 | Build | Blacksmith |
| 12:08 | Create | Villager (Male) |
| 12:16 | Build | Farm |
| 12:22 | Build | Farm |
| 12:35 | Create | Villager (Male) |
| 12:45 | Build | Farm |
| 12:51 | Create | Villager (Male) |
| 13:05 | Research | Castle Age |
| 13:05 | Research | Castle Age |
| 13:05 | Research | Castle Age |
| 13:39 | Build | Farm |
| 13:41 | Build | Farm |
| 13:53 | Build | House |
| 13:58 | Research | Double-Bit Axe |
| 13:58 | Research | Double-Bit Axe |
| 15:25 | Research | Loom |
| 15:39 | Build | Outpost |
| 15:43 | Create | Villager (Male) |
| 15:43 | Create | Villager (Male) |
| 15:47 | Age | Castle Age |
| 15:54 | Build | Town Center |
| 15:57 | Create | Villager (Male) |
| 16:33 | Build | Town Center |
| 16:56 | Create | Villager (Male) |
| 16:57 | Create | Villager (Male) |
| 16:57 | Create | Villager (Male) |
| 17:07 | Create | Villager (Male) |
| 17:12 | Create | Villager (Male) |
| 17:14 | Create | Villager (Male) |
| 17:25 | Build | Outpost |
| 17:27 | Create | Villager (Male) |
| 17:27 | Create | Villager (Male) |
| 17:48 | Build | Farm |
| 17:49 | Build | Farm |
| 17:51 | Build | Farm |
| 17:58 | Create | Villager (Male) |
| 18:00 | Build | Farm |
| 18:03 | Build | Farm |
| 18:09 | Build | Farm |
| 18:13 | Create | Villager (Male) |
| 18:13 | Create | Villager (Male) |
| 18:14 | Create | Villager (Male) |
| 18:26 | Build | Outpost |
| 18:27 | Create | Villager (Male) |
| 18:27 | Create | Villager (Male) |
| 18:36 | Create | Villager (Male) |
| 18:54 | Create | Villager (Male) |
| 19:03 | Build | Mining Camp |
| 19:06 | Create | Villager (Male) |
| 19:07 | Create | Villager (Male) |
| 19:23 | Build | House |
| 19:25 | Build | House |
| 19:31 | Build | House |
| 19:37 | Create | Villager (Male) |
| 19:37 | Create | Villager (Male) |
| 19:38 | Create | Villager (Male) |
| 20:00 | Build | Town Center |
| 20:01 | Create | Villager (Male) |
| 20:03 | Create | Villager (Male) |
| 20:06 | Create | Villager (Male) |
| 20:17 | Build | House |
| 20:24 | Build | Mining Camp |
| 20:25 | Create | Villager (Male) |
| 20:28 | Build | Farm |
| 20:30 | Build | Farm |
| 20:35 | Create | Villager (Male) |
| 20:38 | Create | Villager (Male) |
| 20:44 | Build | Farm |
| 20:48 | Build | Farm |
| 20:50 | Build | Farm |
| 20:51 | Build | Farm |
| 20:53 | Build | Farm |
| 20:58 | Create | Villager (Male) |
| 21:03 | Create | Villager (Male) |
| 21:22 | Build | Farm |
| 21:28 | Create | Villager (Male) |
| 21:35 | Build | Farm |
| 21:36 | Build | Farm |
| 21:38 | Build | Farm |
| 21:39 | Create | Villager (Male) |
| 21:39 | Create | Villager (Male) |
| 21:39 | Create | Villager (Male) |
| 21:42 | Create | Villager (Male) |
| 21:52 | Create | Villager (Male) |
| 21:53 | Create | Villager (Male) |
| 21:54 | Build | Farm |
| 22:00 | Build | Farm |
| 22:07 | Create | Villager (Male) |
| 22:15 | Build | Farm |
| 22:24 | Build | House |
| 22:25 | Build | House |
| 22:28 | Build | House |
Build order — Wajardo
First 150 of 331 actions detected
| 0:02 | Create | Villager (Male) ×4 |
| 0:04 | Build | House |
| 0:06 | Build | House |
| 1:33 | Create | Villager (Male) |
| 1:48 | Build | Lumber Camp |
| 1:51 | Create | Villager (Male) |
| 2:29 | Create | Villager (Male) |
| 2:29 | Create | Villager (Male) |
| 2:56 | Create | Villager (Male) |
| 3:17 | Create | Villager (Male) |
| 3:33 | Build | Mill |
| 3:50 | Build | House |
| 3:53 | Create | Villager (Male) |
| 3:53 | Create | Villager (Male) |
| 4:20 | Create | Villager (Male) |
| 4:48 | Build | House |
| 4:53 | Create | Villager (Male) |
| 4:53 | Create | Villager (Male) |
| 4:55 | Create | Villager (Male) |
| 4:57 | Create | Villager (Male) |
| 5:15 | Create | Villager (Male) |
| 5:31 | Create | Villager (Male) |
| 6:00 | Create | Villager (Male) |
| 6:35 | Build | Mill |
| 6:41 | Create | Villager (Male) |
| 7:09 | Create | Villager (Male) |
| 7:09 | Create | Villager (Male) |
| 7:23 | Create | Villager (Male) |
| 8:18 | Create | Villager (Male) |
| 8:42 | Research | Feudal Age |
| 8:43 | Research | Feudal Age |
| 9:09 | Build | House |
| 9:13 | Build | Barracks |
| 9:37 | Create | Villager (Male) |
| 10:45 | Create | Villager (Male) |
| 10:52 | Age | Feudal Age |
| 11:00 | Build | Stable |
| 11:06 | Create | Villager (Male) |
| 11:26 | Create | Villager (Male) |
| 11:41 | Build | Mining Camp |
| 11:42 | Create | Villager (Male) |
| 11:49 | Research | Horse Collar |
| 11:50 | Research | Double-Bit Axe |
| 11:56 | Create | Villager (Male) |
| 11:56 | Create | Villager (Male) |
| 12:02 | Build | House |
| 12:12 | Create | Scout Cavalry ×5 |
| 12:42 | Build | Farm |
| 12:43 | Build | Farm |
| 12:45 | Build | Farm |
| 12:50 | Build | Farm |
| 12:51 | Build | Farm |
| 12:53 | Build | Farm |
| 12:55 | Build | Farm |
| 12:59 | Build | Farm |
| 13:00 | Build | Farm |
| 13:01 | Build | Farm |
| 13:04 | Create | Villager (Male) |
| 13:08 | Build | Farm |
| 13:28 | Create | Villager (Male) |
| 13:31 | Build | House |
| 13:32 | Build | House |
| 13:36 | Build | Farm |
| 13:36 | Build | Farm |
| 14:09 | Build | Farm |
| 14:09 | Build | Farm |
| 14:52 | Create | Villager (Male) |
| 14:53 | Create | Villager (Male) |
| 15:25 | Create | Scout Cavalry |
| 15:35 | Build | Farm |
| 15:35 | Build | Farm |
| 15:37 | Create | Villager (Male) |
| 15:44 | Build | Blacksmith |
| 15:47 | Create | Scout Cavalry |
| 16:02 | Create | Villager (Male) |
| 16:02 | Create | Villager (Male) |
| 16:07 | Build | Mining Camp |
| 16:17 | Research | Wheelbarrow |
| 16:20 | Create | Scout Cavalry |
| 17:38 | Research | Castle Age |
| 17:59 | Research | Forging |
| 18:13 | Research | Scale Barding Armor |
| 18:50 | Build | Farm |
| 18:50 | Build | Farm |
| 18:51 | Build | Farm |
| 18:51 | Build | Farm |
| 18:53 | Build | Farm |
| 19:04 | Create | Villager (Male) |
| 19:59 | Research | Bloodlines |
| 20:28 | Age | Castle Age |
| 20:33 | Create | Unit 1944 |
| 20:39 | Build | Town Center |
| 20:50 | Research | Bow Saw |
| 20:52 | Research | Heavy Plow |
| 20:59 | Create | Villager (Male) |
| 21:00 | Create | Villager (Male) |
| 21:01 | Create | Unit 1944 |
| 21:02 | Research | Chain Barding Armor |
| 21:03 | Research | Iron Casting |
| 21:28 | Research | Pikeman (upgrade) |
| 21:42 | Create | Unit 1944 |
| 21:44 | Create | Villager (Male) |
| 21:45 | Create | Villager (Male) |
| 21:47 | Create | Villager (Male) |
| 21:54 | Build | Lumber Camp |
| 22:03 | Create | Villager (Male) |
| 22:03 | Create | Villager (Male) |
| 22:22 | Create | Unit 1944 |
| 22:23 | Create | Villager (Male) |
| 22:24 | Create | Villager (Male) |
| 22:36 | Create | Villager (Male) |
| 22:37 | Create | Unit 1944 |
| 22:47 | Build | House |
| 22:48 | Build | House |
| 22:50 | Build | House |
| 22:51 | Build | House |
| 22:52 | Build | House |
| 22:53 | Build | House |
| 23:00 | Research | Husbandry |
| 23:02 | Research | Iron Casting |
| 23:05 | Create | Villager (Male) |
| 23:05 | Create | Villager (Male) |
| 23:07 | Create | Unit 1944 |
| 23:18 | Create | Unit 1944 |
| 23:20 | Create | Villager (Male) |
| 23:20 | Create | Villager (Male) |
| 23:56 | Create | Villager (Male) |
| 23:57 | Create | Villager (Male) |
| 24:29 | Create | Unit 1944 |
| 24:32 | Create | Spearman ×5 |
| 24:34 | Create | Villager (Male) ×5 |
| 24:42 | Create | Spearman |
| 24:45 | Create | Unit 1944 |
| 25:12 | Create | Unit 1944 |
| 25:32 | Create | Spearman |
| 25:34 | Create | Scout Cavalry |
| 25:54 | Build | House |
| 25:55 | Build | House |
| 25:57 | Build | House |
| 25:59 | Build | House |
| 26:05 | Build | Town Center |
| 26:17 | Create | Villager (Male) |
| 26:17 | Create | Villager (Male) |
| 26:21 | Create | Unit 1944 |
| 26:22 | Create | Unit 1944 |
| 26:55 | Build | Barracks |
| 27:02 | Create | Unit 1944 |
| 27:03 | Create | Villager (Male) ×5 |
| 27:07 | Research | Scale Mail Armor |
| 27:29 | Create | Spearman |
Build order — Hanyo
First 150 of 271 actions detected
| 0:01 | Create | Villager (Male) |
| 0:02 | Create | Villager (Male) |
| 0:02 | Create | Villager (Male) |
| 0:02 | Create | Villager (Male) |
| 0:04 | Build | House |
| 0:06 | Build | House |
| 1:31 | Create | Villager (Male) |
| 1:47 | Build | Lumber Camp |
| 1:52 | Create | Villager (Male) |
| 2:30 | Create | Villager (Male) |
| 2:30 | Create | Villager (Male) |
| 2:53 | Create | Villager (Male) |
| 2:54 | Create | Villager (Male) |
| 3:12 | Create | Villager (Male) |
| 3:36 | Create | Villager (Male) |
| 3:51 | Build | House |
| 4:07 | Create | Villager (Male) |
| 4:07 | Create | Villager (Male) |
| 4:26 | Build | Mill |
| 4:28 | Create | Villager (Male) |
| 4:34 | Build | House |
| 4:53 | Create | Villager (Male) |
| 4:54 | Create | Villager (Male) |
| 5:16 | Create | Villager (Male) |
| 5:16 | Create | Villager (Male) |
| 5:16 | Create | Villager (Male) |
| 6:06 | Create | Villager (Male) |
| 6:21 | Build | Mining Camp |
| 6:28 | Create | Villager (Male) |
| 7:01 | Create | Villager (Male) |
| 7:14 | Build | Mill |
| 7:20 | Create | Villager (Male) |
| 7:50 | Research | Feudal Age |
| 8:04 | Build | Mining Camp |
| 8:07 | Create | Villager (Male) |
| 8:25 | Create | Villager (Male) |
| 8:27 | Research | Loom |
| 10:07 | Age | Feudal Age |
| 10:11 | Build | Market |
| 10:16 | Research | Town Watch |
| 11:20 | Build | Blacksmith |
| 11:53 | Research | Castle Age |
| 11:53 | Research | Castle Age |
| 12:36 | Research | Horse Collar |
| 12:56 | Research | Double-Bit Axe |
| 13:19 | Build | Farm |
| 13:22 | Build | Farm |
| 13:38 | Build | Farm |
| 13:43 | Build | Farm |
| 13:43 | Build | Farm |
| 13:48 | Create | Villager (Male) |
| 14:33 | Age | Castle Age |
| 14:40 | Build | House |
| 14:41 | Build | House |
| 14:48 | Research | Wheelbarrow |
| 14:58 | Build | Castle |
| 15:10 | Create | Villager (Male) |
| 15:35 | Build | House |
| 15:44 | Build | Town Center |
| 16:14 | Create | Villager (Male) |
| 16:14 | Create | Villager (Male) |
| 16:38 | Create | Villager (Male) |
| 16:39 | Create | Villager (Male) |
| 17:09 | Create | Villager (Male) |
| 17:11 | Create | Villager (Male) |
| 17:33 | Build | Monastery |
| 17:38 | Create | Villager (Male) |
| 17:51 | Build | Farm |
| 17:52 | Build | Farm |
| 17:52 | Build | Farm |
| 18:02 | Create | Villager (Male) |
| 18:09 | Create | Monk |
| 18:15 | Build | Farm |
| 18:18 | Build | Farm |
| 18:20 | Create | Villager (Male) |
| 18:35 | Create | Villager (Male) |
| 18:48 | Create | Villager (Male) |
| 18:59 | Create | Genoese Crossbowman |
| 19:00 | Create | Genoese Crossbowman |
| 19:13 | Create | Villager (Male) |
| 19:17 | Create | Villager (Male) |
| 19:20 | Create | Genoese Crossbowman |
| 19:37 | Create | Genoese Crossbowman |
| 19:41 | Create | Villager (Male) |
| 19:48 | Create | Villager (Male) |
| 19:51 | Create | Genoese Crossbowman |
| 20:02 | Build | Lumber Camp |
| 20:09 | Create | Villager (Male) |
| 20:23 | Create | Monk |
| 20:25 | Create | Villager (Male) |
| 20:28 | Create | Villager (Male) |
| 20:43 | Create | Genoese Crossbowman |
| 20:43 | Create | Genoese Crossbowman |
| 20:53 | Build | Farm |
| 20:53 | Build | Farm |
| 20:54 | Build | Farm |
| 20:54 | Build | Farm |
| 20:54 | Build | Farm |
| 20:54 | Build | Farm |
| 20:55 | Build | Farm |
| 20:57 | Create | Villager (Male) |
| 21:00 | Create | Villager (Male) |
| 21:06 | Create | Genoese Crossbowman |
| 21:07 | Create | Genoese Crossbowman |
| 21:28 | Build | Farm |
| 21:31 | Create | Villager (Male) |
| 21:32 | Create | Villager (Male) |
| 22:03 | Create | Genoese Crossbowman |
| 22:03 | Create | Genoese Crossbowman |
| 22:03 | Create | Genoese Crossbowman |
| 22:04 | Create | Villager (Male) |
| 22:05 | Create | Villager (Male) |
| 22:20 | Build | University |
| 22:42 | Create | Villager (Male) |
| 22:43 | Create | Villager (Male) |
| 23:21 | Build | House |
| 23:52 | Research | Imperial Age |
| 23:53 | Research | Imperial Age |
| 23:55 | Create | Genoese Crossbowman |
| 24:00 | Build | House |
| 24:15 | Create | Villager (Male) |
| 24:15 | Create | Villager (Male) |
| 24:15 | Create | Villager (Male) |
| 24:24 | Create | Villager (Male) |
| 24:28 | Build | Mining Camp |
| 24:33 | Build | House |
| 24:38 | Research | Ballistics |
| 24:42 | Create | Genoese Crossbowman |
| 24:55 | Create | Villager (Male) |
| 25:00 | Build | Lumber Camp |
| 25:12 | Build | House |
| 25:16 | Create | Monk |
| 25:46 | Research | Silk Road |
| 25:49 | Build | Farm |
| 25:56 | Build | House |
| 26:02 | Build | Farm |
| 26:17 | Research | Fletching |
| 26:18 | Research | Padded Archer Armor |
| 26:21 | Create | Genoese Crossbowman |
| 26:21 | Create | Genoese Crossbowman |
| 26:39 | Build | Outpost |
| 26:46 | Create | Villager (Male) |
| 26:46 | Create | Villager (Male) |
| 26:47 | Create | Villager (Male) |
| 26:48 | Create | Villager (Male) |
| 27:02 | Age | Imperial Age |
| 27:07 | Research | Chemistry |
| 27:19 | Build | Outpost |
| 27:45 | Research | Bodkin Arrow |
| 28:07 | Research | Leather Archer Armor |
Build order — Lord Petrosky
First 150 of 449 actions detected
| 0:02 | Create | Villager (Male) |
| 0:02 | Create | Villager (Male) |
| 0:02 | Create | Villager (Male) |
| 0:03 | Create | Villager (Male) |
| 0:06 | Build | House |
| 0:07 | Build | House |
| 0:08 | Build | House |
| 1:27 | Build | Lumber Camp |
| 1:51 | Create | Villager (Male) |
| 2:06 | Create | Villager (Male) |
| 2:46 | Create | Villager (Male) |
| 3:09 | Create | Villager (Male) |
| 3:23 | Create | Villager (Male) |
| 3:55 | Create | Villager (Male) |
| 4:13 | Create | Villager (Male) |
| 4:27 | Create | Villager (Male) |
| 4:37 | Build | House |
| 4:57 | Create | Villager (Male) |
| 5:27 | Create | Villager (Male) |
| 6:04 | Create | Villager (Male) |
| 6:27 | Create | Villager (Male) |
| 7:03 | Create | Villager (Male) |
| 7:04 | Create | Villager (Male) |
| 7:04 | Create | Villager (Male) |
| 7:44 | Create | Villager (Male) |
| 8:00 | Build | Mill |
| 8:42 | Create | Villager (Male) |
| 9:15 | Create | Villager (Male) |
| 9:27 | Research | Feudal Age |
| 10:51 | Build | Mill |
| 10:55 | Create | Villager (Male) |
| 10:55 | Create | Villager (Male) |
| 11:05 | Build | House |
| 11:37 | Age | Feudal Age |
| 11:45 | Build | Farm |
| 11:49 | Build | Farm |
| 11:54 | Build | Farm |
| 11:58 | Build | Farm |
| 12:10 | Create | Villager (Male) |
| 12:26 | Build | Farm |
| 12:27 | Build | Farm |
| 12:28 | Build | Farm |
| 12:29 | Build | Farm |
| 12:39 | Build | Farm |
| 13:01 | Build | Farm |
| 13:03 | Build | Farm |
| 13:04 | Build | Farm |
| 13:19 | Build | Farm |
| 13:21 | Build | Farm |
| 13:30 | Create | Villager (Male) |
| 13:31 | Create | Villager (Male) |
| 13:31 | Create | Villager (Male) |
| 13:39 | Build | Market |
| 14:02 | Build | House |
| 14:05 | Research | Wheelbarrow |
| 15:07 | Build | Blacksmith |
| 15:12 | Create | Villager (Male) |
| 15:39 | Create | Villager (Male) |
| 16:05 | Research | Castle Age |
| 16:39 | Build | Mining Camp |
| 16:52 | Build | House |
| 16:53 | Build | House |
| 17:35 | Build | House |
| 17:38 | Build | House |
| 17:45 | Research | Double-Bit Axe |
| 17:49 | Create | Villager (Male) |
| 17:49 | Create | Villager (Male) |
| 17:50 | Create | Villager (Male) |
| 17:50 | Create | Villager (Male) |
| 18:50 | Age | Castle Age |
| 18:59 | Build | Town Center |
| 19:05 | Create | Villager (Male) |
| 19:05 | Create | Villager (Male) |
| 19:10 | Build | House |
| 19:15 | Build | House |
| 19:57 | Build | Town Center |
| 19:59 | Create | Villager (Male) |
| 19:59 | Create | Villager (Male) |
| 20:35 | Build | House |
| 20:47 | Create | Villager (Male) |
| 20:53 | Build | Farm |
| 20:56 | Create | Villager (Male) |
| 20:57 | Create | Villager (Male) |
| 20:57 | Create | Villager (Male) |
| 20:58 | Create | Villager (Male) |
| 20:58 | Create | Villager (Male) |
| 21:00 | Build | Farm |
| 21:02 | Create | Villager (Male) |
| 21:02 | Create | Villager (Male) |
| 21:14 | Create | Villager (Male) |
| 21:17 | Build | Farm |
| 21:18 | Create | Villager (Male) |
| 21:19 | Create | Villager (Male) |
| 21:19 | Create | Villager (Male) |
| 21:20 | Create | Villager (Male) |
| 21:20 | Create | Villager (Male) |
| 21:21 | Create | Villager (Male) |
| 21:40 | Create | Villager (Male) |
| 21:41 | Create | Villager (Male) |
| 21:42 | Create | Villager (Male) |
| 21:42 | Create | Villager (Male) |
| 21:50 | Build | Farm |
| 21:57 | Build | Farm |
| 22:16 | Create | Villager (Male) |
| 22:20 | Create | Villager (Male) |
| 22:23 | Create | Villager (Male) |
| 22:50 | Build | House |
| 22:51 | Build | House |
| 23:08 | Build | Town Center |
| 23:14 | Build | Lumber Camp |
| 23:17 | Research | Bow Saw |
| 23:19 | Create | Villager (Male) |
| 23:19 | Create | Villager (Male) |
| 23:20 | Create | Villager (Male) |
| 23:20 | Create | Villager (Male) |
| 23:22 | Create | Villager (Male) |
| 23:22 | Create | Villager (Male) |
| 23:29 | Build | Farm |
| 23:30 | Build | Farm |
| 23:32 | Build | Farm |
| 23:43 | Create | Villager (Male) |
| 23:44 | Create | Villager (Male) |
| 23:44 | Create | Villager (Male) |
| 23:45 | Create | Villager (Male) |
| 23:46 | Create | Villager (Male) |
| 24:11 | Build | Farm |
| 24:12 | Build | Farm |
| 24:14 | Build | Farm |
| 24:19 | Create | Villager (Male) |
| 24:20 | Create | Villager (Male) |
| 24:21 | Create | Villager (Male) |
| 24:30 | Build | House |
| 24:31 | Build | House |
| 24:32 | Build | House |
| 24:45 | Create | Villager (Male) |
| 24:47 | Create | Villager (Male) |
| 24:47 | Create | Villager (Male) |
| 24:50 | Create | Villager (Male) |
| 24:55 | Create | Villager (Male) |
| 24:55 | Create | Villager (Male) |
| 25:21 | Create | Villager (Male) |
| 25:22 | Create | Villager (Male) |
| 25:23 | Create | Villager (Male) |
| 25:24 | Create | Villager (Male) |
| 25:42 | Build | Farm |
| 25:43 | Build | Farm |
| 25:44 | Build | Farm |
| 25:46 | Build | Farm |
| 25:48 | Build | Farm |
| 25:55 | Build | House |
Build order — Fuzion
First 150 of 282 actions detected
| 0:02 | Create | Villager (Male) |
| 0:02 | Create | Villager (Male) |
| 0:03 | Build | House |
| 0:05 | Build | House |
| 0:22 | Create | Villager (Male) |
| 0:22 | Create | Villager (Male) |
| 0:22 | Create | Villager (Male) |
| 1:44 | Create | Villager (Male) |
| 1:44 | Create | Villager (Male) |
| 1:48 | Build | Lumber Camp |
| 2:05 | Create | Villager (Male) |
| 2:05 | Create | Villager (Male) |
| 2:26 | Create | Villager (Male) |
| 2:27 | Create | Villager (Male) |
| 2:53 | Create | Villager (Male) |
| 3:03 | Create | Villager (Male) |
| 3:09 | Research | Loom |
| 3:09 | Create | Villager (Male) |
| 3:10 | Create | Villager (Male) |
| 3:29 | Build | House |
| 3:31 | Build | House |
| 3:39 | Create | Villager (Male) |
| 4:28 | Create | Villager (Male) |
| 4:49 | Create | Villager (Male) |
| 4:50 | Create | Villager (Male) |
| 4:50 | Create | Villager (Male) |
| 5:42 | Create | Villager (Male) |
| 6:04 | Build | Mill |
| 6:18 | Create | Villager (Male) |
| 6:18 | Create | Villager (Male) |
| 6:18 | Create | Villager (Male) |
| 6:19 | Create | Villager (Male) |
| 6:34 | Create | Villager (Male) |
| 6:43 | Build | Mill |
| 7:37 | Build | Mining Camp |
| 8:23 | Create | Villager (Male) |
| 8:33 | Research | Feudal Age |
| 8:42 | Build | Farm |
| 8:45 | Build | Farm |
| 8:51 | Build | Farm |
| 8:59 | Build | House |
| 9:04 | Create | Villager (Male) |
| 9:24 | Build | Mining Camp |
| 11:00 | Age | Feudal Age |
| 11:14 | Build | Market |
| 11:22 | Create | Villager (Male) |
| 11:23 | Create | Villager (Male) |
| 12:03 | Build | Blacksmith |
| 12:25 | Create | Villager (Male) |
| 12:55 | Create | Villager (Male) |
| 13:09 | Build | Farm |
| 13:12 | Build | Farm |
| 13:32 | Research | Castle Age |
| 13:32 | Research | Castle Age |
| 13:34 | Build | House |
| 13:36 | Build | House |
| 13:41 | Research | Padded Archer Armor |
| 13:52 | Build | House |
| 14:27 | Research | Fletching |
| 14:31 | Build | House |
| 14:37 | Create | Villager (Male) |
| 14:37 | Create | Villager (Male) |
| 15:04 | Build | Barracks |
| 15:22 | Research | Double-Bit Axe |
| 15:51 | Build | Farm |
| 16:12 | Age | Castle Age |
| 16:20 | Build | Castle |
| 16:26 | Create | Villager (Male) |
| 16:27 | Create | Villager (Male) |
| 16:50 | Research | Bodkin Arrow |
| 17:17 | Build | University |
| 17:23 | Create | Villager (Male) |
| 17:23 | Create | Villager (Male) |
| 17:28 | Build | Farm |
| 17:31 | Build | Farm |
| 17:33 | Build | Farm |
| 17:49 | Create | Villager (Male) |
| 17:49 | Create | Villager (Male) |
| 18:02 | Create | Villager (Male) |
| 18:20 | Create | Mangudai |
| 18:38 | Create | Mangudai |
| 19:02 | Create | Villager (Male) |
| 19:03 | Create | Villager (Male) |
| 19:03 | Create | Villager (Male) |
| 19:39 | Create | Villager (Male) |
| 19:39 | Create | Villager (Male) |
| 19:40 | Create | Villager (Male) |
| 19:40 | Create | Villager (Male) |
| 19:44 | Build | Town Center |
| 19:47 | Create | Mangudai |
| 19:48 | Create | Mangudai |
| 19:48 | Create | Mangudai |
| 19:57 | Create | Villager (Male) |
| 19:57 | Create | Villager (Male) |
| 19:58 | Create | Villager (Male) |
| 20:38 | Create | Villager (Male) ×2 |
| 20:43 | Research | Ballistics |
| 20:49 | Build | Farm |
| 21:04 | Build | Farm |
| 21:07 | Create | Villager (Male) |
| 21:07 | Create | Villager (Male) |
| 21:08 | Create | Villager (Male) |
| 21:12 | Create | Mangudai |
| 22:06 | Create | Mangudai |
| 22:06 | Create | Mangudai |
| 22:06 | Create | Mangudai |
| 22:20 | Create | Villager (Male) ×5 |
| 22:48 | Build | Stable |
| 22:49 | Build | Archery Range |
| 22:59 | Create | Mangudai |
| 23:01 | Research | Leather Archer Armor |
| 23:14 | Build | Monastery |
| 23:24 | Create | Mangudai |
| 23:40 | Create | Villager (Male) |
| 23:41 | Create | Villager (Male) |
| 23:41 | Create | Villager (Male) |
| 24:01 | Create | Monk |
| 24:14 | Research | Gold Mining |
| 24:25 | Research | Horse Collar |
| 24:25 | Research | Horse Collar |
| 24:30 | Build | Farm |
| 24:30 | Build | Farm |
| 24:31 | Build | Farm |
| 24:31 | Build | Farm |
| 24:31 | Build | Farm |
| 24:31 | Build | Farm |
| 24:57 | Build | House |
| 24:58 | Build | House |
| 24:58 | Build | House |
| 24:59 | Build | House |
| 25:02 | Build | House |
| 25:03 | Build | House |
| 25:13 | Create | Villager (Male) |
| 25:13 | Create | Villager (Male) |
| 25:15 | Create | Villager (Male) |
| 25:15 | Create | Villager (Male) |
| 25:52 | Create | Mangudai |
| 25:52 | Create | Mangudai |
| 25:57 | Research | Wheelbarrow |
| 26:00 | Create | Villager (Male) |
| 26:01 | Create | Villager (Male) |
| 26:05 | Build | House |
| 26:06 | Build | House |
| 26:08 | Build | House |
| 26:16 | Create | Villager (Male) |
| 26:17 | Create | Villager (Male) |
| 26:17 | Create | Villager (Male) |
| 26:36 | Build | Town Center |
| 26:41 | Build | Town Center |
| 26:56 | Build | House |
Build order — TigerBitePig
First 150 of 468 actions detected
| 0:01 | Create | Villager (Male) |
| 0:02 | Create | Villager (Male) |
| 0:02 | Create | Villager (Male) |
| 0:02 | Create | Villager (Male) |
| 0:03 | Build | House |
| 0:05 | Build | House |
| 1:28 | Create | Villager (Male) |
| 1:28 | Create | Villager (Male) |
| 2:03 | Create | Villager (Male) |
| 2:05 | Research | Loom |
| 2:10 | Build | Lumber Camp |
| 2:21 | Create | Villager (Male) |
| 2:21 | Create | Villager (Male) |
| 2:46 | Create | Villager (Male) |
| 2:46 | Create | Villager (Male) |
| 2:54 | Create | Villager (Male) |
| 2:55 | Create | Villager (Male) |
| 3:17 | Create | Villager (Male) |
| 3:17 | Create | Villager (Male) |
| 3:40 | Build | House |
| 3:41 | Build | House |
| 3:55 | Create | Villager (Male) |
| 3:55 | Create | Villager (Male) |
| 3:55 | Create | Villager (Male) |
| 4:23 | Create | Villager (Male) |
| 4:41 | Build | Mill |
| 4:45 | Create | Villager (Male) |
| 4:46 | Create | Villager (Male) |
| 5:49 | Build | Mill |
| 5:55 | Create | Villager (Male) |
| 5:55 | Create | Villager (Male) |
| 5:56 | Create | Villager (Male) |
| 5:56 | Create | Villager (Male) |
| 5:56 | Create | Villager (Male) |
| 6:54 | Create | Villager (Male) |
| 7:46 | Research | Feudal Age |
| 7:47 | Research | Feudal Age |
| 9:08 | Build | House |
| 9:13 | Build | House |
| 9:14 | Build | House |
| 9:33 | Create | Villager (Male) |
| 9:34 | Create | Villager (Male) |
| 9:56 | Age | Feudal Age |
| 9:59 | Build | Town Center |
| 10:07 | Create | Villager (Male) |
| 10:20 | Research | Double-Bit Axe |
| 10:40 | Create | Villager (Male) |
| 10:43 | Build | House |
| 11:17 | Build | House |
| 11:19 | Build | House |
| 11:21 | Create | Villager (Male) |
| 11:26 | Create | Villager (Male) |
| 11:26 | Create | Villager (Male) |
| 11:29 | Create | Villager (Male) |
| 11:29 | Create | Villager (Male) |
| 11:29 | Create | Villager (Male) |
| 11:30 | Create | Villager (Male) |
| 11:42 | Build | Farm |
| 11:45 | Create | Villager (Male) |
| 11:48 | Build | House |
| 12:01 | Build | Farm |
| 12:08 | Build | House |
| 12:10 | Build | House |
| 12:20 | Build | Farm |
| 12:25 | Create | Villager (Male) |
| 12:33 | Build | Farm |
| 12:45 | Build | Farm |
| 12:50 | Build | Farm |
| 12:52 | Create | Villager (Male) |
| 13:01 | Build | House |
| 13:03 | Create | Villager (Male) |
| 13:06 | Build | Farm |
| 13:13 | Build | Farm |
| 13:22 | Build | Farm |
| 13:25 | Create | Villager (Male) |
| 13:33 | Build | Farm |
| 13:38 | Build | House |
| 13:49 | Create | Villager (Male) |
| 13:57 | Build | Farm |
| 14:06 | Create | Villager (Male) |
| 14:18 | Build | Farm |
| 14:26 | Create | Villager (Male) |
| 14:41 | Build | Barracks |
| 14:45 | Create | Villager (Male) |
| 14:46 | Create | Villager (Male) |
| 14:47 | Create | Villager (Male) |
| 14:57 | Build | Blacksmith |
| 15:10 | Create | Villager (Male) |
| 15:32 | Build | Stable |
| 15:35 | Build | Farm |
| 15:35 | Create | Spearman |
| 15:56 | Create | Villager (Male) |
| 16:03 | Build | Stable |
| 16:06 | Build | Stable |
| 16:20 | Research | Castle Age |
| 16:22 | Create | Villager (Male) |
| 16:29 | Build | Farm |
| 16:31 | Build | Farm |
| 16:32 | Build | Farm |
| 16:34 | Build | Farm |
| 16:35 | Create | Villager (Male) |
| 16:53 | Build | House |
| 16:59 | Build | Mining Camp |
| 17:07 | Build | Mining Camp |
| 17:11 | Create | Villager (Male) |
| 17:23 | Research | Bloodlines |
| 17:29 | Build | Farm |
| 17:29 | Build | Farm |
| 17:30 | Build | Farm |
| 17:30 | Build | Farm |
| 17:30 | Build | Farm |
| 17:30 | Build | Farm |
| 17:41 | Create | Spearman |
| 18:03 | Research | Horse Collar |
| 18:04 | Create | Villager (Male) |
| 18:18 | Build | Farm |
| 18:22 | Build | Farm |
| 18:23 | Build | Farm |
| 18:25 | Build | Farm |
| 18:28 | Research | Scale Barding Armor |
| 18:44 | Build | Farm |
| 18:52 | Create | Villager (Male) |
| 18:59 | Age | Castle Age |
| 19:04 | Create | Knight ×3 |
| 19:08 | Create | Villager (Male) |
| 19:11 | Build | Farm |
| 19:12 | Build | Farm |
| 19:16 | Create | Villager (Male) |
| 19:27 | Create | Knight |
| 19:45 | Research | Bow Saw |
| 19:46 | Create | Villager (Male) |
| 20:03 | Create | Knight ×2 |
| 20:04 | Create | Villager (Male) |
| 20:05 | Create | Villager (Male) |
| 20:14 | Build | Farm |
| 20:14 | Build | Farm |
| 20:16 | Build | Farm |
| 20:17 | Build | Farm |
| 20:18 | Build | Farm |
| 20:19 | Create | Villager (Male) |
| 20:38 | Create | Villager (Male) |
| 20:38 | Create | Villager (Male) |
| 20:39 | Create | Villager (Male) |
| 21:00 | Research | Chain Barding Armor |
| 21:02 | Create | Villager (Male) |
| 21:02 | Create | Villager (Male) |
| 21:08 | Build | House |
| 21:09 | Build | House |
| 21:10 | Build | House |
| 21:11 | Build | House |
Build order — Man_at_Laptop
First 150 of 451 actions detected
| 0:01 | Create | Villager (Male) |
| 0:03 | Build | House |
| 0:04 | Build | House |
| 0:11 | Create | Villager (Male) |
| 0:11 | Create | Villager (Male) |
| 0:12 | Create | Villager (Male) |
| 0:12 | Create | Villager (Male) |
| 1:31 | Create | Villager (Male) |
| 1:32 | Create | Villager (Male) |
| 1:50 | Create | Villager (Male) |
| 1:50 | Create | Villager (Male) |
| 2:09 | Create | Villager (Male) |
| 2:09 | Create | Villager (Male) |
| 2:14 | Build | Lumber Camp |
| 2:29 | Create | Villager (Male) |
| 2:29 | Create | Villager (Male) |
| 2:39 | Build | House |
| 2:44 | Build | House |
| 2:46 | Create | Villager (Male) |
| 3:10 | Create | Villager (Male) |
| 3:14 | Build | Palisade Wall |
| 3:30 | Build | Palisade Gate |
| 3:33 | Build | Palisade Wall |
| 3:38 | Create | Villager (Male) |
| 3:38 | Create | Villager (Male) |
| 3:46 | Build | Palisade Wall |
| 3:49 | Create | Villager (Male) |
| 4:00 | Build | Palisade Wall |
| 4:02 | Build | Palisade Wall |
| 4:25 | Create | Villager (Male) |
| 4:25 | Create | Villager (Male) |
| 5:12 | Create | Villager (Male) |
| 5:38 | Build | Mill |
| 5:45 | Create | Villager (Male) |
| 6:13 | Create | Villager (Male) |
| 6:35 | Create | Villager (Male) |
| 6:54 | Research | Feudal Age |
| 8:35 | Build | House |
| 9:04 | Age | Feudal Age |
| 9:05 | Create | Villager (Male) |
| 9:15 | Build | Blacksmith |
| 9:16 | Research | Double-Bit Axe |
| 9:20 | Build | Watch Tower |
| 9:31 | Create | Villager (Male) |
| 9:39 | Create | Villager (Male) |
| 9:43 | Build | House |
| 9:51 | Create | Villager (Male) |
| 10:01 | Create | Villager (Male) |
| 10:05 | Research | Fletching |
| 10:08 | Research | Horse Collar |
| 10:19 | Build | Barracks |
| 11:22 | Create | Villager (Male) |
| 11:29 | Build | Stable |
| 11:32 | Create | Villager (Male) |
| 11:38 | Create | Villager (Male) |
| 12:05 | Create | Villager (Male) |
| 12:07 | Research | Horse Collar |
| 12:29 | Build | House |
| 12:35 | Create | Scout Cavalry |
| 12:48 | Create | Scout Cavalry |
| 12:54 | Create | Villager (Male) |
| 13:04 | Build | Farm |
| 13:06 | Build | Farm |
| 13:11 | Create | Scout Cavalry |
| 13:17 | Create | Villager (Male) |
| 13:19 | Build | Farm |
| 13:23 | Build | House |
| 13:24 | Build | House |
| 13:30 | Create | Scout Cavalry |
| 13:46 | Create | Villager (Male) |
| 13:49 | Build | Farm |
| 13:50 | Build | Farm |
| 13:54 | Create | Villager (Male) |
| 14:31 | Create | Villager (Male) |
| 14:48 | Create | Villager (Male) |
| 14:52 | Build | Mining Camp |
| 15:25 | Build | Archery Range |
| 15:29 | Create | Villager (Male) |
| 15:30 | Create | Scout Cavalry |
| 15:34 | Build | Mining Camp |
| 15:48 | Build | House |
| 15:58 | Create | Villager (Male) |
| 16:04 | Build | Lumber Camp |
| 16:09 | Create | Archer |
| 16:14 | Build | House |
| 16:23 | Create | Villager (Male) |
| 16:44 | Build | House |
| 16:45 | Create | Archer |
| 17:13 | Create | Villager (Male) |
| 17:15 | Build | Farm |
| 17:15 | Build | Farm |
| 17:17 | Create | Villager (Male) |
| 17:43 | Build | Watch Tower |
| 17:50 | Create | Archer |
| 17:57 | Build | Watch Tower |
| 18:17 | Create | Scout Cavalry |
| 18:21 | Create | Villager (Male) |
| 19:01 | Research | Loom |
| 19:26 | Build | Farm |
| 19:28 | Build | Farm |
| 19:39 | Build | Market |
| 20:09 | Build | Archery Range |
| 20:09 | Research | Castle Age |
| 20:24 | Research | Gold Mining |
| 20:30 | Build | Archery Range |
| 20:47 | Research | Padded Archer Armor |
| 20:54 | Build | Gate |
| 21:00 | Build | Archery Range |
| 21:11 | Create | Villager (Male) |
| 21:11 | Create | Archer |
| 21:47 | Build | Stone Wall |
| 21:51 | Create | Archer |
| 21:53 | Create | Archer |
| 22:19 | Create | Archer |
| 22:30 | Create | Villager (Male) |
| 22:49 | Age | Castle Age |
| 22:52 | Research | Crossbowman (upgrade) |
| 23:00 | Research | Bow Saw |
| 23:01 | Create | Villager (Male) |
| 23:06 | Build | Town Center |
| 23:17 | Build | Town Center |
| 23:17 | Create | Villager (Male) |
| 23:21 | Build | Farm |
| 23:22 | Build | Farm |
| 23:24 | Create | Archer |
| 23:33 | Research | Bodkin Arrow |
| 23:43 | Build | University |
| 23:45 | Create | Villager (Male) |
| 23:47 | Create | Archer |
| 23:47 | Create | Archer |
| 23:47 | Create | Archer |
| 23:55 | Create | Villager (Male) |
| 24:32 | Create | Villager (Male) |
| 24:32 | Create | Villager (Male) |
| 24:32 | Create | Villager (Male) |
| 24:34 | Build | Farm |
| 24:36 | Build | Farm |
| 24:42 | Create | Archer |
| 24:44 | Build | House |
| 24:45 | Build | House |
| 24:46 | Create | Villager (Male) |
| 24:47 | Create | Villager (Male) |
| 24:54 | Create | Villager (Male) |
| 24:55 | Create | Villager (Male) |
| 25:07 | Build | House |
| 25:07 | Build | House |
| 25:09 | Create | Villager (Male) |
| 25:09 | Create | Villager (Male) |
| 25:24 | Research | Ballistics |
| 25:25 | Create | Villager (Male) |
Build order — Blas de lezo
First 150 of 345 actions detected
| 0:01 | Create | Villager (Male) |
| 0:01 | Create | Villager (Male) |
| 0:02 | Create | Villager (Male) |
| 0:03 | Build | House |
| 0:05 | Build | House |
| 0:07 | Build | House |
| 0:24 | Create | Villager (Male) |
| 0:25 | Create | Villager (Male) |
| 1:42 | Create | Villager (Male) |
| 1:43 | Create | Villager (Male) |
| 1:47 | Build | Lumber Camp |
| 1:51 | Create | Villager (Male) |
| 1:51 | Create | Villager (Male) |
| 1:51 | Create | Villager (Male) |
| 2:17 | Create | Villager (Male) |
| 2:17 | Create | Villager (Male) |
| 2:49 | Create | Villager (Male) |
| 2:49 | Create | Villager (Male) |
| 3:05 | Create | Villager (Male) |
| 3:29 | Build | House |
| 3:37 | Create | Villager (Male) |
| 4:02 | Create | Villager (Male) |
| 4:25 | Build | Mill |
| 4:30 | Create | Villager (Male) |
| 4:30 | Create | Villager (Male) |
| 4:54 | Create | Villager (Male) |
| 4:54 | Create | Villager (Male) |
| 5:25 | Create | Villager (Male) |
| 5:25 | Create | Villager (Male) |
| 5:26 | Create | Villager (Male) |
| 5:27 | Create | Villager (Male) |
| 5:27 | Create | Villager (Male) |
| 5:53 | Create | Villager (Male) |
| 5:54 | Create | Villager (Male) |
| 6:03 | Create | Villager (Male) |
| 6:28 | Build | Palisade Wall |
| 6:29 | Build | Palisade Wall |
| 6:50 | Create | Villager (Male) |
| 6:53 | Build | Palisade Wall |
| 7:00 | Build | Palisade Wall |
| 7:04 | Build | Palisade Wall |
| 7:08 | Build | Palisade Wall |
| 7:09 | Create | Villager (Male) |
| 7:17 | Build | Palisade Wall |
| 7:21 | Build | Palisade Wall |
| 7:24 | Build | Palisade Wall |
| 7:51 | Build | Palisade Wall |
| 7:52 | Build | Palisade Wall |
| 7:55 | Build | Mining Camp |
| 8:25 | Research | Feudal Age |
| 8:26 | Research | Feudal Age |
| 8:31 | Build | Palisade Wall |
| 8:39 | Build | Palisade Wall |
| 8:50 | Build | Farm |
| 9:37 | Build | Mining Camp |
| 9:44 | Create | Villager (Male) |
| 9:45 | Create | Villager (Male) |
| 9:56 | Research | Loom |
| 9:57 | Research | Loom |
| 10:35 | Age | Feudal Age |
| 10:44 | Build | Watch Tower |
| 10:56 | Build | Palisade Gate |
| 11:18 | Build | Blacksmith |
| 11:36 | Create | Villager (Male) |
| 11:37 | Create | Villager (Male) |
| 12:06 | Research | Fletching |
| 12:07 | Research | Fletching |
| 12:08 | Create | Villager (Male) |
| 12:11 | Create | Villager (Male) |
| 12:31 | Build | House |
| 12:33 | Build | Market |
| 13:15 | Build | Barracks |
| 13:41 | Create | Villager (Male) |
| 14:07 | Create | Villager (Male) |
| 14:18 | Create | Spearman |
| 14:19 | Create | Spearman |
| 14:50 | Build | Watch Tower |
| 15:05 | Research | Castle Age |
| 15:05 | Research | Castle Age |
| 15:31 | Build | Palisade Gate |
| 15:40 | Build | Palisade Wall |
| 15:42 | Build | Palisade Wall |
| 15:45 | Build | Palisade Wall |
| 15:49 | Build | Palisade Wall |
| 16:01 | Create | Spearman |
| 16:09 | Build | Farm |
| 16:29 | Build | Farm |
| 16:35 | Build | Farm |
| 16:38 | Build | Farm |
| 16:44 | Build | Farm |
| 16:47 | Create | Villager (Male) |
| 17:11 | Build | Farm |
| 17:20 | Build | Farm |
| 17:45 | Age | Castle Age |
| 17:47 | Build | Castle |
| 17:55 | Create | Villager (Male) |
| 18:50 | Create | Conquistador |
| 19:19 | Create | Villager (Male) |
| 19:19 | Create | Villager (Male) |
| 20:16 | Create | Villager (Male) |
| 20:17 | Create | Villager (Male) |
| 20:40 | Build | Town Center |
| 20:47 | Create | Villager (Male) |
| 21:06 | Build | Monastery |
| 21:16 | Create | Villager (Male) |
| 21:28 | Create | Villager (Male) |
| 21:29 | Create | Villager (Male) |
| 21:45 | Create | Villager (Male) |
| 21:45 | Create | Villager (Male) |
| 22:15 | Build | Siege Workshop |
| 22:18 | Create | Villager (Male) |
| 22:18 | Create | Villager (Male) |
| 22:23 | Create | Missionary |
| 22:38 | Create | Villager (Male) |
| 23:01 | Create | Villager (Male) |
| 23:07 | Create | Mangonel |
| 23:17 | Build | House |
| 23:25 | Create | Conquistador |
| 23:25 | Create | Conquistador |
| 23:25 | Create | Conquistador |
| 23:40 | Build | Farm |
| 23:40 | Build | Farm |
| 23:41 | Build | Farm |
| 23:41 | Build | Farm |
| 23:41 | Build | Farm |
| 23:41 | Build | Farm |
| 23:41 | Build | Farm |
| 24:31 | Create | Mangonel |
| 24:39 | Create | Villager (Male) |
| 24:40 | Create | Conquistador |
| 24:40 | Create | Conquistador |
| 24:52 | Build | Farm |
| 24:54 | Build | Farm |
| 24:57 | Build | Farm |
| 25:00 | Build | Farm |
| 25:01 | Build | Farm |
| 25:03 | Create | Conquistador |
| 25:25 | Create | Conquistador |
| 25:28 | Create | Villager (Male) |
| 25:29 | Create | Villager (Male) |
| 25:30 | Create | Villager (Male) |
| 25:30 | Create | Villager (Male) |
| 25:35 | Build | Farm |
| 25:36 | Build | Farm |
| 25:37 | Build | Farm |
| 25:48 | Create | Conquistador |
| 25:58 | Create | Villager (Male) |
| 26:04 | Create | Mangonel |
| 26:38 | Create | Villager (Male) |
| 26:39 | Create | Conquistador |
Match timeline
| 3:14 | Man_at_Laptop · wall_segment Palisade Wall x4 |
| 3:33 | Man_at_Laptop · wall_segment Palisade Wall x1 |
| 3:46 | Man_at_Laptop · wall_segment Palisade Wall x2 |
| 4:00 | Man_at_Laptop · wall_segment Palisade Wall x1 |
| 4:02 | Man_at_Laptop · wall_segment Palisade Wall x1 |
| 6:28 | Blas de lezo · wall_segment Palisade Wall x1 |
| 6:29 | Blas de lezo · wall_segment Palisade Wall x1 |
| 6:53 | Blas de lezo · wall_segment Palisade Wall x1 |
| 7:00 | Blas de lezo · wall_segment Palisade Wall x1 |
| 7:04 | Blas de lezo · wall_segment Palisade Wall x1 |
| 7:08 | Blas de lezo · wall_segment Palisade Wall x1 |
| 7:17 | Blas de lezo · wall_segment Palisade Wall x1 |
| 7:21 | Blas de lezo · wall_segment Palisade Wall x1 |
| 7:24 | Blas de lezo · wall_segment Palisade Wall x1 |
| 7:51 | Blas de lezo · wall_segment Palisade Wall x1 |
| 7:52 | Blas de lezo · wall_segment Palisade Wall x1 |
| 8:31 | Blas de lezo · wall_segment Palisade Wall x1 |
| 8:39 | Blas de lezo · wall_segment Palisade Wall x1 |
| 9:04 | Man_at_Laptop · age_up feudal |
| 9:13 | Wajardo · first_building Barracks |
| 9:56 | TigerBitePig · age_up feudal |
| 10:07 | Hanyo · age_up feudal |
| 10:19 | Man_at_Laptop · first_building Barracks |
| 10:35 | Blas de lezo · age_up feudal |
| 10:52 | Wajardo · age_up feudal |
| 11:00 | Fuzion · age_up feudal |
| 11:00 | Wajardo · first_building Stable |
| 11:29 | Man_at_Laptop · first_building Stable |
| 11:37 | Lord Petrosky · age_up feudal |
| 11:46 | Estoy como loquita · age_up feudal |
| 13:15 | Blas de lezo · first_building Barracks |
| 13:47 | Blas de lezo · first_market_sell 100 stone |
| 14:25 | Fuzion · first_market_sell 100 food |
| 14:33 | Hanyo · age_up castle |
| 14:41 | TigerBitePig · first_building Barracks |
| 14:58 | Hanyo · first_building Castle |
| 15:04 | Fuzion · first_building Barracks |
| 15:25 | Man_at_Laptop · first_building Archery Range |
| 15:29 | Hanyo · first_market_sell 100 wood |
| 15:31 | Hanyo · first_market_buy 100 stone |
| 15:32 | TigerBitePig · first_building Stable |
| 15:40 | Blas de lezo · wall_segment Palisade Wall x1 |
| 15:42 | Blas de lezo · wall_segment Palisade Wall x1 |
| 15:45 | Blas de lezo · wall_segment Palisade Wall x2 |
| 15:47 | Estoy como loquita · age_up castle |
| 15:49 | Blas de lezo · wall_segment Palisade Wall x1 |
| 16:01 | Lord Petrosky · first_market_sell 100 wood |
| 16:12 | Fuzion · age_up castle |
| 16:20 | Fuzion · first_building Castle |
| 16:26 | Estoy como loquita · first_market_sell 100 food |
| 16:31 | Estoy como loquita · first_market_buy 100 stone |
| 17:33 | Hanyo · first_building Monastery |
| 17:39 | Blas de lezo · first_market_buy 100 stone |
| 17:45 | Blas de lezo · age_up castle |
| 17:47 | Blas de lezo · first_building Castle |
| 18:50 | Lord Petrosky · age_up castle |
| 18:59 | TigerBitePig · age_up castle |
| 20:06 | Lord Petrosky · tribute_sent a jugador 1 |
| 20:06 | Lord Petrosky · tribute_sent a jugador 2 |
| 20:06 | Lord Petrosky · tribute_sent a jugador 4 |
| 20:06 | Lord Petrosky · tribute_sent a jugador 5 |
| 20:06 | Lord Petrosky · tribute_sent a jugador 6 |
| 20:06 | Lord Petrosky · tribute_sent a jugador 7 |
| 20:06 | Lord Petrosky · tribute_sent a jugador 8 |
| 20:28 | Wajardo · age_up castle |
| 21:06 | Blas de lezo · first_building Monastery |
| 21:47 | Man_at_Laptop · wall_segment Stone Wall x7 |
| 22:15 | Blas de lezo · first_building Siege Workshop |
| 22:48 | Fuzion · first_building Stable |
| 22:49 | Man_at_Laptop · age_up castle |
| 22:49 | Fuzion · first_building Archery Range |
| 23:14 | Fuzion · first_building Monastery |
| 23:32 | Man_at_Laptop · first_market_buy 100 food |
| 25:36 | Lord Petrosky · tribute_sent a jugador 1 |
| 25:36 | Lord Petrosky · tribute_sent a jugador 2 |
| 25:36 | Lord Petrosky · tribute_sent a jugador 4 |
| 25:36 | Lord Petrosky · tribute_sent a jugador 5 |
| 25:36 | Lord Petrosky · tribute_sent a jugador 6 |
| 25:36 | Lord Petrosky · tribute_sent a jugador 7 |
| 25:36 | Lord Petrosky · tribute_sent a jugador 8 |
| 26:31 | Fuzion · first_market_buy 100 wood |
| 26:36 | Estoy como loquita · first_building Castle |
| 26:57 | TigerBitePig · first_building Monastery |
| 26:57 | Man_at_Laptop · first_building Monastery |
| 27:02 | Hanyo · age_up imperial |
| 27:17 | Lord Petrosky · first_building Siege Workshop |
| 28:09 | Lord Petrosky · first_building Castle |
| 28:18 | Estoy como loquita · first_building Barracks |
| 28:19 | Lord Petrosky · first_building Barracks |
| 28:24 | Hanyo · first_building Siege Workshop |
| 28:41 | Man_at_Laptop · wall_segment Stone Wall x4 |
| 28:53 | Man_at_Laptop · wall_segment Stone Wall x1 |
| 29:34 | Blas de lezo · wall_segment Stone Wall x2 |
| 29:35 | Hanyo · first_building Barracks |
| 31:05 | Lord Petrosky · first_building Stable |
| 31:12 | Man_at_Laptop · first_building Castle |
| 31:17 | Lord Petrosky · wall_segment Stone Wall x3 |
| 31:24 | Estoy como loquita · age_up imperial |
| 32:27 | Fuzion · first_building Siege Workshop |
| 32:28 | Lord Petrosky · wall_segment Stone Wall x1 |
| 32:41 | TigerBitePig · first_building Castle |
| 33:12 | TigerBitePig · first_market_sell 100 food |
| 33:36 | Man_at_Laptop · first_building Siege Workshop |
| 33:51 | Blas de lezo · first_building Stable |
| 33:53 | Fuzion · age_up imperial |
| 34:08 | Hanyo · first_building Archery Range |
| 35:12 | Lord Petrosky · wall_segment Stone Wall x3 |
| 35:35 | Wajardo · first_building Monastery |
| 36:29 | TigerBitePig · age_up imperial |
| 36:41 | Lord Petrosky · age_up imperial |
| 38:40 | Man_at_Laptop · wall_segment Stone Wall x1 |
| 38:57 | Lord Petrosky · wall_segment Stone Wall x15 |
| 40:11 | Blas de lezo · age_up imperial |
| 40:16 | TigerBitePig · first_market_buy 100 stone |
| 40:34 | Wajardo · age_up imperial |
| 40:38 | Lord Petrosky · first_building Archery Range |
| 40:55 | Man_at_Laptop · age_up imperial |
| 43:31 | Man_at_Laptop · wall_segment Stone Wall x2 |
| 44:08 | Fuzion · resign |
| 44:38 | Wajardo · first_building Siege Workshop |
[ AI ANALYSIS · 1 CREDIT ]
What really happened in this match?
Wolo.gg analyzes every decision: build order, eco, micro, common mistakes by bracket. Personalized analysis on WhatsApp or Discord in 30 seconds.
Civ guide
Goths
Perfil
Jugador #15488149